 Dungeon Crawl Stone Soup version 0.31-a0-198-g2ad674f65e (webtiles) character file.

Game seed: 10468656122474543254

77 qw the Shooter (level 4, -2/25 HPs)
             Began as a Deep Elf Hunter on June 25, 2023.
             Slain by a water moccasin (6 damage)
             ... on level 3 of the Dungeon.
             The game lasted 00:00:35 (1461 turns).

qw the Shooter (Deep Elf Hunter)                    Turns: 1461, Time: 00:00:36

Health: -2/25      AC:  5    Str: 10    XL:     4   Next: 13%
Magic:  6/6        EV: 11    Int: 14    God:
Gold:   111        SH:  0    Dex: 18    Spells: 3/3 levels left

rFire   . . .        Y - +0 shortbow
rCold   . . .        (shield currently unavailable)
rNeg    . . .        d - +0 ring mail
rPois   .            (no helmet)
rElec   .            (no cloak)
rCorr   .            (no gloves)
SInv    .            (no boots)
Will    .....        (no amulet)
Stlth   +            (no ring)
HPRegen 0.24/turn    (no ring)
MPRegen 0.10/turn

%: no passive effects
@: lethally poisoned (-2 -> -12)
A: no striking features
a: no special abilities


You were on level 3 of the Dungeon.
You visited 1 branch of the dungeon, and saw 3 of its levels.

You collected 111 gold pieces.


   Skills:
 - Level 1.5 Fighting
 + Level 7.5 Ranged Weapons
 - Level 2.4 Dodging
 - Level 1.2 Stealth


You had 3 spell levels left.
You didn't know any spells.
Your spell library was empty.

Inventory:

Hand Weapons
 Y - a +0 shortbow (weapon)
Armour
 d - a +0 ring mail (worn)
Potions
 a - a potion of mutation {unknown}
 b - a potion of curing {unknown}
 f - 2 potions of heal wounds {unknown}

Dungeon Overview and Level Annotations

Branches:
Dungeon (3/15)

Altars:

Shops:
D:1 !

Annotations:
D:3 1 runed translucent door, qw's ghost, amateur DEHu


Message History

The bat closely misses you. The bat hits you but does no damage.
You shoot an arrow. The arrow hits the bat.
You kill the bat!
f - 2 bubbling brown potions (gained 1)
Found an escape hatch in the floor.
Enter note: A water moccasin and an endoplasm come into view.
Enter note: You shoot an arrow.
The arrow hits the endoplasm but does no damage.
The endoplasm quivers.
You shoot an arrow.
The arrow hits the endoplasm but does no damage.
The water moccasin hisses angrily.
The endoplasm hits you but does no damage.
You shoot an arrow. The arrow hits the endoplasm!
You kill the endoplasm!
You shoot an arrow.
The arrow barely misses the water moccasin.
You shoot an arrow. The arrow hits the water moccasin!
The water moccasin is moderately wounded.
The water moccasin barely misses you.
You shoot an arrow.
The arrow closely misses the water moccasin.
The water moccasin bites you.
You shoot an arrow.
The arrow completely misses the water moccasin.
The water moccasin bites you.
The water moccasin bites you but does no damage.
You shoot an arrow. The arrow hits the water moccasin!
The water moccasin is severely wounded.
The water moccasin bites you!
You are lethally poisoned!
The water moccasin poisons you!
The water moccasin bites you but does no damage.
You shoot an arrow. The arrow hits the water moccasin.
The water moccasin is severely wounded.
You feel very sick. The water moccasin barely misses you.
The water moccasin bites you.
You die...

######
......#########
..............#
..............#
..............#
####
..............#
#...
......S@......#
#...
......###.#####
##... ..... #.#
##...# .... #.#
##...## ### #.#
#...##.
#.########..##..
#...........#W.?
####........##..
#.........##.


You could see a water moccasin.

Vanquished Creatures
  2 adders (D:2)
  A worm (D:2)
  8 endoplasms
  2 giant cockroaches
  A goblin (D:2)
  6 hobgoblins
  4 jackals (D:1)
  5 kobolds
  3 quokkas (D:2)
  5 ball pythons
  2 bats
  A frilled lizard (D:1)
  9 rats
  A spectral kobold (D:1)
50 creatures vanquished.

Notes
Turn   | Place    | Note
-------+----------+-------------------------------------------
     0 | D:1      | qw the Deep Elf Hunter began the quest for the Orb.
     0 | D:1      | Reached XP level 1. HP: 12/12 MP: 3/3
     0 | D:1      | 0 ||| qw: Version: 0.3-a-22-g0ed2b0b
     0 | D:1      | 0 ||| qw: Game counter: 5442
     0 | D:1      | 0 ||| qw: Melee chars always use a shield: true
     0 | D:1      | 0 ||| qw: God list: Okawaru
     0 | D:1      | 0 ||| qw: Allow faded altars: false
     0 | D:1      | 0 ||| qw: Do Orc after clearing Dungeon:15 true
     0 | D:1      | 0 ||| qw: Do second Lair branch before Depths: true
     0 | D:1      | 0 ||| qw: Lair rune preference: random
     0 | D:1      | 0 ||| qw: Goals: Normal
     0 | D:1      | 0 ||| PLANNING D:1-11
   100 | D:1      | Found a faded altar of an unknown god.
   121 | D:1      | Reached skill level 6 in Ranged Weapons
   121 | D:1      | Reached XP level 2. HP: 16/16 MP: 4/4
   314 | D:1      | HP: 4/16 [jackal (3)]
   754 | D:1      | Found Dianate's Distillery.
   763 | D:1      | 763 ||| SHOPLISTING potion of cancellation (112 gold, have
                  | 66).
   763 | D:1      | 763 ||| SHOPLISTING potion of experience (700 gold, have
                  | 66).
   763 | D:1      | 763 ||| SHOPLISTING potion of heal wounds (70 gold, have
                  | 66).
   820 | D:1      | 820 ||| UPGRADING to +0 ring mail.
   830 | D:1      | 830 ||| DROPPING +0 leather armour.
   831 | D:1      | 831 ||| READING scroll labelled MAPIMU YWKERPH.
   834 | D:1      | 834 ||| DROPPING scroll of butterflies.
   852 | D:2      | Reached XP level 3. HP: 20/20 MP: 5/5
   931 | D:2      | Reached skill level 7 in Ranged Weapons
  1176 | D:2      | Reached XP level 4. HP: 25/25 MP: 6/6
  1294 | D:2      | 1294 ||| READING scroll labelled TUESOGREVOA.
  1321 | D:3      | 1321 ||| STAIRDANCE
  1364 | D:3      | Noticed qw's ghost (amateur DEHu)
  1367 | D:3      | Found a runed translucent door.
  1452 | D:3      | Noticed a water moccasin
  1461 | D:3      | HP: 4/25 [poisoned by a water moccasin]
  1461 | D:3      | Slain by a water moccasin

Levels and vault maps discovered:
D:1:      roderic_crossed_star, layout_basic,
          dreamdust_ecumenical_altar_drowned_temple, serial_shops, shop
D:2:      layout_rooms
D:3:      layout_basic, hellmonk_ghost_happy_afterlife, uniq_natasha

Skill      XL: |  1  2  3 |
---------------+----------+-----
Ranged Weapons | 6 7 |  7.5
Fighting       | |  1.5
Dodging        | |  2.4
Stealth        | |  1.2

Action                     |  1- 3 |  4- 6 || total
---------------------------+-------+-------++-------
   Fire: Shortbow          |   119 |    33 ||   152
    Use: Scroll            |     1 |     1 ||     2
 Armour: Leather armour    |     9 |       ||     9
         Ring mail         |     5 |    19 ||    24
  Dodge: Dodged            |    24 |    11 ||    35

Table legend:
 A = Non-vault XP
 B = Vault XP
 C = Vault XP percentage of total XP
 D = Non-vault monster count
 E = Vault monster count
 F = Vault count percentage of total count
                 A         B        C        D         E       F
            +---------+---------+-------+---------+---------+-------
      Total |     109 |       1 |   0.9 |      49 |       1 |   2.0
            +---------+---------+-------+---------+---------+-------
        D:1 |      37 |       1 |   2.6 |      23 |       1 |   4.2
        D:2 |      65 |       0 |   0.0 |      22 |       0 |   0.0
        D:3 |       7 |       0 |   0.0 |       4 |       0 |   0.0
            +---------+---------+-------+---------+---------+-------
